Description

A standard way of playing tvz

VOD

https://www.youtube.com/watch?v=R8IEcjAIJ34&t=22s

Replay - TvZ 3cc Standard

Build Order

Get SALT Encoding   

  12  0:00  SCV  
  13  0:12  SCV  
  14  0:17  Supply Depot  
  14  0:24  SCV  
  15  0:38  SCV  
  15  0:40  Barracks  
  16  0:43  Refinery  
  16  0:50  SCV  
  17  1:02  SCV  
  18  1:15  SCV  
  19  1:27  Reaper  
  19  1:28  Orbital Command  
  20  1:39  Command Center  
  20  1:48  Supply Depot  
  20  1:53  SCV  
  21  1:59  Marine  
  22  2:06  SCV  
  23  2:08  Factory  
  23  2:18  SCV  
  23  2:21  Barracks Reactor  
  26  2:46  Command Center  
  26  2:52  Orbital Command  
  27  3:02  Starport  
  27  3:10  Refinery  
  28  3:14  Hellion x2  
  33  3:20  Barracks Tech Lab  
  36  3:36  Hellion x2  
  42  3:50  Banshee  
  46  3:59  Cloaking Field, Orbital Command  
  47  4:03  Hellion x2  
  52  4:10  Supply Depot  
  52  4:11  Barracks Tech Lab  
  54  4:29  Barracks x2  
  57  4:33  Banshee  
  62  4:38  Factory Reactor  
  62  4:39  Supply Depot  
  63  4:49  Engineering Bay x2  
  63  4:51  Refinery  
  65  4:53  Stimpack  
  65  4:59  Refinery  
  66  5:00  Orbital Command  
  66  5:01  Supply Depot  
  69  5:21  Terran Infantry Weapons Level 1  
  69  5:23  Terran Infantry Armor Level 1  
  69  5:24  Barracks x2  
  71  5:32  Marine x3  
  71  5:34  Starport Reactor  
  75  5:40  Marine  
  75  5:41  Siege Tank  
  80  5:49  Marine x4  
  87  5:58  Marine  
  87  5:59  Refinery x2  
  91  6:07  Armory  
  94  6:17  Siege Tank  
  103  6:23  Medivac x2  
  109  6:29  Barracks Reactor x2  
  110  6:34  Combat Shield  
  117  6:50  Siege Tank  
  122  6:54  Medivac  
  124  7:02  Medivac  
  134  7:13  Factory  
  137  7:17  Terran Infantry Weapons Level 2, Command Center  
  137  7:23  Terran Infantry Armor Level 2  
  144  7:36  Terran Vehicle And Ship Armor Level 1  
  151  7:40  Siege Tank  
  157  7:56  Medivac x2  
  165  7:59  Factory Tech Lab  
  165  8:03  Barracks x3  
  165  8:14  Siege Tank  
  172  8:23  Siege Tank  
  176  8:29  Medivac x2  
  186  8:47  Siege Tank, Marauder  
  195  8:55  Siege Tank  
  195  9:01  Barracks Tech Lab x3  
  194  9:03  Medivac x2, Refinery  
  194  9:09  Marauder  
  199  9:10  Refinery  
  200  9:31  Factory  
  200  9:33  Starport  
  200  9:34  Ghost Academy  
  195  9:46  Command Center  
  195  9:50  Siege Tank  
  195  9:52  Concussive Shells  
Spawning Tool Build Advisor. Get it on Overwolf

Go to:

Details

  • Created by: driftsc2
  • Published on: Mar 15, 2021
  • Modified on: Mar 15, 2021
  • Patch: 4.11.0
  • Difficulty: Medium
Show
View Real Time Build Order
Export as new Build Order

Comments (0)

There are no comments. Be the first!

Create an account to comment!